Map: Rhoskallian LE

Players

Nyck - Winner!

  • Race: Terran Terran
  • Spawn Location: 12:00

Ekelpack - Winner!

  • Race: Zerg Zerg
  • Spawn Location: 11:00

Tomás

  • Race: Protoss Protoss
  • League: Platinum
  • Spawn Location: 6:00

iiiiiii

  • Race: Protoss Protoss
  • Spawn Location: 5:00

VOD

Have the link to the VOD?

Description

Time

  • Played on: Sept. 27, 2020, 1:22 p.m.
  • Length: 13:54
Show
View Real Time Build Order
Export as new Build Order

Nyck Terran - Winner!

Build Orders:  

Get SALT Encoding   

  12  0:01  SCV  
  13  0:13  SCV  
  14  0:22  Supply Depot  
  14  0:29  SCV  
  15  0:48  SCV, Barracks  
  16  1:00  SCV, Refinery  
  17  1:12  SCV  
  18  1:24  SCV  
  19  1:40  Orbital Command, Refinery  
  19  2:02  Marine  
  20  2:12  SCV  
  21  2:23  Bunker  
  21  2:24  Marine  
  22  2:31  Factory  
  22  2:42  Marine  
  23  2:49  Supply Depot  
  23  3:10  SCV, Marine  
  23  3:11  Supply Depot  
  25  3:23  Command Center  
  25  3:24  Factory Tech Lab  
  25  3:28  Barracks Reactor  
  25  3:35  SCV  
  26  3:41  Supply Depot  
  26  3:42  Barracks Reactor  
  26  3:50  Infernal Pre-Igniter  
  28  4:01  Cyclone  
  29  4:05  SCV  
  29  4:08  Engineering Bay  
  30  4:17  SCV  
  31  4:40  Cyclone  
  34  5:00  Missile Turret  
  34  5:21  Missile Turret  
  34  5:27  SCV  
  35  5:48  Marauder  
  37  5:51  Hellion x2  
  37  5:55  Terran Infantry Weapons Level 1  
  41  6:00  SCV, Armory  
  42  6:05  Orbital Command  
  42  6:12  Hellion x2  
  42  6:13  SCV  
  47  6:25  SCV  
  48  6:33  Refinery  
  48  6:36  SCV  
  48  6:37  SCV  
  50  6:42  Hellion  
  50  6:43  Missile Turret, Hellion  
  54  6:47  Marauder  
  54  6:48  SCV  
  54  6:49  SCV  
  58  6:56  Factory  
  58  6:59  Refinery  
  58  7:03  Missile Turret, Factory  
  58  7:23  Missile Turret  
  58  7:31  Missile Turret  
  58  7:41  Factory  
  58  7:42  Missile Turret  
  58  7:43  Missile Turret  
  58  7:48  Factory  
  58  7:52  Factory Tech Lab x2  
  58  7:57  Terran Vehicle And Ship Armor Level 1  
  58  8:05  Missile Turret  
  58  8:17  Command Center  
  58  8:25  Missile Turret, Factory Tech Lab  
  58  8:32  Factory Tech Lab  
  58  8:39  SCV  
  59  8:51  SCV  
  60  9:05  Thor x3  
  60  9:06  Thor  
  84  9:21  Hellion x2  
  88  9:45  Hellion x2  
  92  9:46  Smart Servos  
  92  9:48  Drilling Claws  
  92  9:49  Mag-Field Accelerator  
  92  10:11  Siege Tank x3  
  92  10:12  Siege Tank  
  92  10:14  Hellion x2  
  108  11:19  Supply Depot  
  108  11:29  Orbital Command  
  108  11:31  SCV  
  109  11:40  SCV, Siege Tank x2  
  109  11:41  Supply Depot  
  109  11:43  Supply Depot  
  116  11:53  SCV  
  117  12:03  SCV, Siege Tank x2  
  117  12:05  Supply Depot, SCV  
  125  12:08  Armory  
  125  12:12  Thor  
  125  12:15  SCV, Refinery  
  132  12:17  SCV, Refinery  
  133  12:26  Siege Tank  
  133  12:27  SCV  
  133  12:28  Supply Depot  
  133  12:29  SCV  
  138  12:35  Siege Tank  
  141  12:42  SCV, Siege Tank  
  145  12:50  Supply Depot  
  145  12:54  SCV  
  145  12:55  Thor  
  152  13:06  SCV  
  152  13:12  Supply Depot  
Show
View Real Time Build Order
Export as new Build Order

Ekelpack Zerg - Winner!

Build Orders: Pool First 

Get SALT Encoding   

  12  0:00  Drone  
  13  0:13  Drone  
  14  0:18  Overlord  
  14  0:26  Drone, Extractor  
  15  0:43  Spawning Pool  
  15  0:44  Drone  
  15  0:47  Extractor  
  14  0:55  Drone x2  
  16  1:04  Overlord  
  16  1:30  Queen, Zergling x6  
  21  1:42  Drone  
  21  1:47  Metabolic Boost  
  22  1:52  Drone  
  23  1:59  Extractor  
  22  2:18  Drone x2  
  24  2:32  Overlord  
  24  2:38  Drone  
  24  2:43  Drone  
  24  2:44  Drone x2, Lair  
  28  2:58  Hatchery  
  27  3:00  Drone  
  28  3:06  Drone  
  29  3:21  Drone x4  
  33  3:36  Overlord  
  32  4:02  Spire  
  31  4:06  Extractor x2  
  29  4:18  Drone x4  
  33  4:25  Evolution Chamber  
  32  4:38  Drone x2, Queen  
  36  4:54  Drone x2  
  36  4:57  Spore Crawler  
  37  5:03  Spore Crawler  
  37  5:04  Drone  
  37  5:05  Drone x4  
  41  5:08  Drone  
  42  5:15  Drone  
  42  5:19  Mutalisk  
  42  5:20  Corruptor  
  47  5:26  Zerg Flyer Weapons Level 1  
  47  5:27  Overlord  
  47  5:28  Overlord  
  47  5:34  Mutalisk  
  49  5:50  Mutalisk  
  49  5:52  Drone x3  
  49  5:53  Drone, Overlord  
  49  5:54  Mutalisk  
  57  6:07  Mutalisk x3  
  57  6:10  Overlord  
  63  6:17  Mutalisk  
  65  6:20  Mutalisk  
  67  6:32  Mutalisk x4  
  75  6:53  Hatchery  
  74  6:56  Drone  
  74  6:57  Drone x5  
  74  6:59  Overlord  
  79  7:15  Corruptor, Mutalisk  
  79  7:16  Corruptor  
  79  7:18  Corruptor  
  87  7:52  Mutalisk x2  
  87  7:54  Overlord x3  
  87  7:56  Zerg Flyer Weapons Level 2  
  87  8:19  Mutalisk x4  
  87  8:20  Mutalisk x2  
  97  8:34  Queen, Extractor x2  
  97  8:39  Drone x4  
  97  8:40  Drone x4  
  105  8:49  Overlord  
  105  8:50  Overlord x2  
  105  8:57  Infestation Pit  
  105  9:02  Zerg Melee Weapons Level 1  
  104  9:09  Drone x2  
  92  9:44  Hive  
  93  9:52  Zergling x2  
  93  9:53  Zergling x14, Overlord  
  93  9:54  Zergling x2, Overlord x3  
  101  10:27  Mutalisk  
  101  10:28  Mutalisk x7  
  105  10:29  Mutalisk x4  
  121  10:51  Hydralisk Den  
  120  10:58  Zerg Missile Weapons Level 1  
  120  11:01  Greater Spire  
  118  11:25  Hydralisk x5  
  110  11:26  Hydralisk x6  
  110  11:27  Hydralisk x4  
  140  11:34  Overlord x3  
  140  11:35  Zergling x6  
  140  11:37  Overlord  
  143  11:54  Grooved Spines  
  143  11:56  Zergling x10  
  143  11:59  Adrenal Glands  
  148  12:14  Brood Lord x2  
  152  12:16  Zergling x6  
  152  12:17  Zergling x12  
  152  12:18  Zergling x8  
  165  12:41  Brood Lord  
  165  12:42  Brood Lord  
  155  13:11  Hydralisk  
  155  13:12  Hydralisk x6  
  149  13:13  Hydralisk x2  
Show
View Real Time Build Order
Export as new Build Order

Tomás Protoss 

Build Orders:  

Get SALT Encoding   

  12  0:01  Probe (Chrono Boost)  
  13  0:10  Probe (Chrono Boost)  
  14  0:15  Probe (Chrono Boost)  
  15  0:34  Pylon  
  15  0:41  Assimilator  
  15  0:52  Probe  
  16  0:57  Gateway  
  16  1:02  Unknown  
  16  1:07  Unknown  
  16  1:15  Probe  
  16  1:17  Assimilator  
  17  1:27  Probe  
  18  1:39  Probe  
  19  1:51  Cybernetics Core, Probe  
  20  2:03  Probe  
  21  2:15  Probe  
  22  2:38  Stargate  
  22  2:49  Pylon  
  22  3:03  Pylon  
  22  3:07  Adept  
  24  3:18  Void Ray (Chrono Boost)  
  28  3:35  Stargate  
  28  3:45  Void Ray (Chrono Boost)  
  30  4:04  Fleet Beacon  
  30  4:18  Nexus  
  30  4:27  Pylon  
  30  4:34  Forge  
  30  4:40  Void Ray  
  34  4:48  Shield Battery  
  34  4:59  Void Ray  
  38  5:12  Photon Cannon  
  38  5:16  Pylon  
  38  5:22  Photon Cannon  
  38  5:24  Photon Cannon  
  38  5:31  Probe (Chrono Boost)  
  39  5:41  Assimilator, Probe (Chrono Boost)  
  40  5:45  Probe (Chrono Boost)  
  41  5:56  Assimilator  
  41  5:57  Probe  
  41  5:58  Tempest  
  47  6:13  Tempest  
  52  6:21  Probe (Chrono Boost)  
  53  6:31  Probe (Chrono Boost)  
  54  6:36  Probe (Chrono Boost)  
  54  6:38  Protoss Air Weapons Level 1 (Chrono Boost)  
  55  6:56  Tempest  
  55  7:01  Tempest  
  44  7:39  Phoenix  
  44  7:44  Phoenix  
  48  8:02  Stalker  
  48  8:03  Phoenix  
  52  8:09  Phoenix  
  54  8:28  Phoenix  
  54  8:32  Stalker  
  54  8:34  Phoenix  
  60  8:38  Photon Cannon  
  60  8:41  Anion Pulse-Crystals (Chrono Boost)  
  60  8:55  Phoenix  
  60  8:59  Void Ray  
  66  9:09  Probe (Chrono Boost)  
  65  9:19  Probe (Chrono Boost)  
  65  9:24  Probe (Chrono Boost)  
  48  9:36  Phoenix x2  
  52  9:38  Flux Vanes  
  52  9:41  Probe  
  53  9:54  Stalker  
  53  9:59  Probe  
  56  10:02  Probe  
  57  10:16  Probe  
  58  10:24  Stalker, Photon Cannon  
  58  10:26  Shield Battery  
  60  10:51  Phoenix  
  60  10:52  Void Ray  
  66  11:03  Stargate  
  55  11:36  Pylon  
  55  11:39  Phoenix  
  57  11:40  Void Ray  
  57  11:45  Stalker  
  63  11:55  Probe (Chrono Boost)  
  64  12:07  Probe (Chrono Boost)  
  65  12:11  Probe (Chrono Boost)  
  65  12:15  Shield Battery  
  66  12:22  Photon Cannon  
  66  12:30  Probe  
  67  12:43  Probe  
  44  13:16  Void Ray, Phoenix  
Show
View Real Time Build Order
Export as new Build Order

iiiiiii Protoss 

Build Orders: Cannon Rush 

Get SALT Encoding   

  12  0:02  Probe  
  13  0:15  Probe  
  14  0:27  Probe  
  15  0:30  Pylon  
  15  0:48  Probe  
  16  0:56  Pylon  
  16  1:00  Probe  
  17  1:08  Forge  
  17  1:12  Probe  
  18  1:21  Assimilator  
  18  1:49  Photon Cannon  
  18  1:53  Photon Cannon  
  18  1:56  Photon Cannon  
  18  1:59  Photon Cannon  
  18  2:01  Photon Cannon  
  18  2:10  Photon Cannon  
  18  2:13  Pylon  
  18  2:32  Pylon  
  18  2:42  Probe  
  19  2:54  Probe  
  19  3:13  Probe  
  20  3:36  Pylon  
  20  3:41  Photon Cannon  
  20  3:44  Photon Cannon  
  20  3:47  Photon Cannon  
  19  3:55  Probe  
  19  4:08  Probe (Chrono Boost)  
  20  4:21  Probe (Chrono Boost)  
  21  4:32  Gateway  
  21  4:41  Photon Cannon  
  21  4:46  Pylon  
  21  4:52  Assimilator  
  21  5:00  Pylon  
  21  5:16  Probe  
  22  5:28  Probe  
  23  5:29  Cybernetics Core  
  23  5:41  Pylon  
  23  5:47  Nexus  
  23  6:10  Shield Battery  
  23  6:13  Shield Battery  
  23  6:18  Shield Battery  
  23  6:24  Shield Battery  
  23  6:29  Photon Cannon  
  23  6:33  Photon Cannon  
  23  6:42  Photon Cannon  
  23  6:50  Photon Cannon  
  23  6:57  Pylon  
  23  7:05  Stargate  
  23  7:09  Assimilator  
  23  7:14  Assimilator  
  23  7:24  Photon Cannon  
  23  7:27  Photon Cannon  
  23  7:30  Photon Cannon  
  23  7:38  Probe  
  24  7:55  Photon Cannon  
  24  8:11  Phoenix  
  26  8:26  Photon Cannon  
  26  8:35  Phoenix  
  26  8:37  Probe  
  29  8:49  Probe  
  30  9:00  Phoenix  
  30  9:01  Probe  
  33  9:12  Photon Cannon  
  33  9:15  Photon Cannon  
  33  9:20  Photon Cannon  
  33  9:25  Phoenix  
  35  9:50  Protoss Air Weapons Level 1, Phoenix  
  37  10:05  Stargate  
  37  10:18  Fleet Beacon  
  34  10:52  Void Ray  
  34  10:53  Void Ray  
  42  11:07  Shield Battery  
  42  11:11  Shield Battery  
  42  11:29  Void Ray  
  42  11:30  Void Ray  
  50  11:59  Protoss Air Armor Level 1  
  50  12:06  Tempest  
  50  12:07  Tempest  
Tags
 
Add a new tag
Caveats
  • Supply blocks, unpowered buildings, or Contaminate may cause inaccurate times.
  • Supply counts are checked every 10 seconds.